 Dungeon Crawl Stone Soup version 0.30-a0-1116-gebefce21f7 (webtiles) character file.

Game seed: 1789338923570130183

1969 mandoloar the Sneak (level 9, -4/53 (58) HPs)
             Began as an Octopode Venom Mage on Apr 21, 2023.
             Was an Initiate of Gozag.
             Killed from afar by an orc wizard (11 damage)
             ... with a puff of flame
             ... on level 7 of the Dungeon.
             The game lasted 00:32:27 (10658 turns).

mandoloar the Sneak (Octopode Venom Mage)          Turns: 10658, Time: 00:32:27

HP:   -4/53 (58)    AC:  1    Str:  7    XL:     9   Next: 20%
MP:   15/15         EV: 14    Int: 21    God:    Gozag
Gold: 369           SH:  0    Dex: 13    Spells: 10/17 levels left

rFire   . . .      SeeInvis .    a - +3 mace (heavy)
rCold   . . .      Faith    .    (no shield)
rNeg    . . .      Spirit   .    (helmet restricted)
rPois   .          Reflect  .    p - amulet of regeneration
rElec   .          Rampage  .    (no ring)
rCorr   .                        (no ring)
Will    .....                    (no ring)
Stlth   ++                       (no ring)
HPRegen 1.08/turn                (no ring)
MPRegen 0.14/turn                (no ring)
                                 (no ring)
                                 (no ring)

@: confused, lethally poisoned (-4 -> -12), drained
A: almost no armour, amphibious, 8 rings, camouflage 1, gelatinous body 1,
(nimble swimmer 1), tentacles
a: Renounce Religion, Potion Petition, Call Merchant, Bribe Branch


You were on level 7 of the Dungeon.
You worshipped Gozag.
Gozag was aware of your devotion.
You visited 2 branches of the dungeon, and saw 8 of its levels.

You collected 474 gold pieces.
You paid 105 gold pieces to Gozag.

Inventory:

Hand Weapons
 a - a +3 heavy mace (weapon)
Missiles
 d - 6 atropa-tipped darts
 j - 49 stones
 q - 3 boomerangs
 r - 2 poisoned darts
Jewellery
 p - an amulet of regeneration (around mantle)
Scrolls
 b - a scroll of enchant weapon
 c - a scroll of silence
 h - a scroll of enchant armour
 n - a scroll of teleportation
 s - 2 scrolls of identify
 u - a scroll of vulnerability {unknown}
 v - a scroll of poison {unknown}
Potions
 e - 2 potions of magic
 f - a potion of lignification
 g - 3 potions of berserk rage
 i - 3 potions of curing
 k - a potion of attraction
 l - a potion of cancellation
 m - 3 potions of haste
 o - a potion of heal wounds
 t - 2 potions of mutation {unknown}


   Skills:
 + Level 4.1 Fighting
 + Level 4.7 Dodging
 + Level 7.1 Stealth
 + Level 3.9 Unarmed Combat
 + Level 4.5 Spellcasting
 + Level 4.4 Transmutations
 + Level 6.3 Poison Magic


You had 10 spell levels left.
You knew the following spells:

 Your Spells              Type           Power      Damage    Failure   Level
a - Sting                 Tmut/Pois      100%       1d8       1%          1
b - Poisonous Vapours     Pois/Air       36%        N/A       4%          2
c - Olgreb's Toxic Radia  Pois           31%        N/A       9%          4

Your spell library contained the following spells:

 Spells                   Type           Power      Damage    Failure   Level
 Cigotuvi's Dreadful Rot  Necr/Pois/Air  26%        N/A       8%          2
 Ignite Poison            Fire/Tmut/Pois 19%        N/A       8%          3
 Apportation              Tloc           8%         N/A       12%         1
 Freeze                   Ice            16%        1d4       12%         1
 Necrotise                Necr           16%        1d4       12%         1
 Mephitic Cloud           Conj/Pois/Air  13%        N/A       14%         3
 Lesser Beckoning         Tloc           8%         N/A       17%         2
 Gell's Gravitas          Tloc           4%         N/A       34%         3
 Portal Projectile        Hex/Tloc       8%         N/A       34%         3
 Teleport Other           Tloc           4%         N/A       34%         3
 Tukima's Dance           Hex            4%         N/A       34%         3
 Blade Hands              Tmut           11%        N/A       45%         5
 Manifold Assault         Tloc           4%         N/A       75%         4
 Freezing Cloud           Conj/Ice/Air   2%         6-21      97%         5
 Dispersal                Tloc           2%         N/A       100%        6
 Disjunction              Tloc           2%         N/A       100%        8


Dungeon Overview and Level Annotations

Branches:
Dungeon (7/15)             Temple (1/1) D:5

Altars:
Dithmenos
Elyvilon
Gozag
Kikubaaqudgha
Makhleb
Nemelex Xobeh
Qazlal
Ru
Sif Muna
Uskayaw
Xom
Yredelemnul
The Shining One

Shops:
D:2 [=


Innate Abilities, Weirdness & Mutations

You cannot wear most types of armour.
You are amphibious.
You can wear up to eight rings at the same time.
Your skin changes colour to match your surroundings (Stealth+).
Your rubbery body absorbs attacks. (AC +1, EV +1)
((You are camouflaged when in or above water. (Stealth+)))
You have tentacles for arms and can constrict up to eight enemies at once.


Message History

HP restored.
You start resting.
Magic restored.
You climb downwards.
The orc wizard gestures at you while chanting.
You are confused.
The orc wizard gestures at you while chanting.
You are more confused.
There is a stone staircase leading up, spattered with blood here.
You're too confused to cast spells.
You're too confused to cast spells.
In your confused state, you trip and fall back down the stairs.
The orc wizard points at you and mumbles some strange words.
The magic dart hits you.
In your confused state, you trip and fall back down the stairs.
The water moccasin barely misses you.
The orc wizard gestures at you while chanting.
The puff of flame hits you! The water moccasin bites you!
You closely miss the water moccasin.
The water moccasin completely misses you.
The orc wizard closely misses you. The water moccasin bites you!
You are poisoned.
The water moccasin poisons you! The orc wizard closely misses you.
The water moccasin bites you!
You're too confused to move!
You feel very sick.
The orc wizard hits you with a +0 dagger.
The water moccasin bites you!
* * * LOW HITPOINT WARNING * * *
You miss the orc wizard. You squeeze the orc wizard.
The orc wizard is severely wounded.
You feel very sick. The water moccasin bites you.
* * * LOW HITPOINT WARNING * * *
You are lethally poisoned!
The water moccasin poisons you!
The orc wizard gestures at you while chanting.
The puff of flame hits you!
You die...
Your body crumbles into a pile of gold.

## # ##.# #
#...## #.
#.....# ## ....
#...$..#.###
#....
#..$.......#
##..
#..$..o@...#
....
##.....S......#
....
#.............
....
..........###..
........... .
..........$.
.#...........
.............


You could see a water moccasin and an orc wizard (poisoned).

Vanquished Creatures
  A steam dragon (D:6)
  Edmund (D:5)
  A water moccasin (D:5)
  3 sky beasts (D:6)
  2 ogres (D:5)
  A bullfrog (D:6)
  3 scorpions (D:5)
  3 wights
  2 hounds (D:6)
  2 orc priests
  A jelly (D:6)
  Terence (D:3)
  7 iguanas
  10 orc wizards
  6 adders
  A shadow imp (D:5)
  2 dart slugs
  20 orcs
  6 bats
  5 endoplasms
  9 giant cockroaches
  6 goblins
  8 hobgoblins
  4 jackals (D:1)
  5 quokkas
  6 ball pythons
  4 frilled lizards
  8 kobolds
  4 rats
  A spectral kobold (D:3)
133 creatures vanquished.

Vanquished Creatures (others)
  A fungus (D:1)
1 creature vanquished.

Grand Total: 134 creatures vanquished

Notes
Turn   | Place    | Note
-------+----------+-------------------------------------------
     0 | D:1      | mandoloar the Octopode Venom Mage began the quest for the
                  | Orb.
     0 | D:1      | Reached XP level 1. HP: 11/11 MP: 3/3
   326 | D:1      | Reached XP level 2. HP: 3/18 MP: 5/5
   756 | D:1      | Reached skill level 3 in Stealth
   842 | D:1      | Learned a level 2 spell: Poisonous Vapours
  1010 | D:1      | Reached XP level 3. HP: 22/22 MP: 2/6
  1578 | D:1      | Reached skill level 1 in Unarmed Combat
  1930 | D:2      | Found Paeromeo's Antique Armour Shop.
  2266 | D:2      | Found Onumushre's Jewellery Emporium.
  2581 | D:3      | Reached skill level 1 in Fighting
  2977 | D:3      | Reached XP level 4. HP: 28/28 MP: 1/7
  3251 | D:2      | Learned a level 4 spell: Olgreb's Toxic Radiance
  3383 | D:3      | You fall into a shaft and drop 3 floors!
  3401 | D:5      | Entered Level 5 of the Dungeon
  3408 | D:5      | Found a white marble altar of Elyvilon.
  3508 | D:5      | Noticed an ogre
  3541 | D:5      | Killed an ogre
  3542 | D:5      | Reached XP level 5. HP: 33/33 MP: 0/9
  3829 | D:5      | Identified the +0 scale mail "Movougor" {Str+2}
  3833 | D:5      | Identified the +0 ring mail of Ubiquitous Curiosity {rPois
                  | Will- Str-2 Int+8}
  3901 | D:5      | Reached skill level 4 in Stealth
  3901 | D:5      | Reached XP level 6. HP: 39/39 MP: 5/10
  3945 | D:5      | Noticed a water moccasin
  3964 | D:5      | Found a staircase to the Ecumenical Temple.
  4167 | Temple   | Entered the Ecumenical Temple
  4414 | D:5      | Noticed Edmund
  4964 | D:3      | Noticed Terence
  4972 | D:3      | Killed Terence
  5173 | D:3      | Found a faded altar of an unknown god.
  5436 | D:3      | Reached XP level 7. HP: 45/45 MP: 7/11
  5491 | D:3      | Reached skill level 5 in Stealth
  6546 | D:4      | Reached skill level 5 in Poison Magic
  6688 | D:4      | Identified the +7 ring mail "Xeotte Uxzi" {Dex+5}
  7687 | D:5      | Reached XP level 8. HP: 51/51 MP: 8/13
  7812 | D:5      | Identified the +2 quarterstaff of Revolt {freeze, Will+
                  | Str-3 Dex+2}
  8357 | D:5      | Reached skill level 6 in Stealth
  8665 | D:6      | Found an opulent altar of Gozag.
  8730 | D:6      | Became a worshipper of Gozag Ym Sagoz the Greedy
  8893 | D:6      | Got A Tutorial on the Wizard's Wisdom
  9527 | D:6      | Found a basalt altar of Yredelemnul.
  9681 | D:6      | Found a stormy altar of Qazlal.
  9917 | D:5      | Killed Edmund
  9918 | D:5      | Reached XP level 9. HP: 50/58 MP: 6/15
 10228 | D:6      | Reached skill level 7 in Stealth
 10543 | D:6      | Found a hide-covered altar of Uskayaw.
 10658 | D:7      | Killed from afar by an orc wizard

Illustrated notes

Levels and vault maps discovered:
D:1:      tarquinn_simple_flora_water_d, layout_rooms, hangedman_decor_lopped,
          ebering_dispersal_statue_hall
D:2:      layout_basic, serial_shops, nicolae_shop_statue_plus, shop
D:3:      cheibrodos_pilgrimage, layout_rooms,
          dreamdust_ecumenical_altar_drowned_temple, uniq_terence
D:4:      layout_cave_pools
D:5:      layout_gridville, elyvilon_altar_4, minmay_temple_entry_ruins,
          uniq_edmund
D:6:      layout_basic, mainiacjoe_overflow_surrounded_room,
          grunt_gozag_statues, kennysheep_mini_moat, general_overflow_altar
D:7:      statuecave_lemuel, layout_cave_pools, fedhas_altar_1
Temple:   hellmonk_temple_flake

Skill      XL: |  1  2  3  4  5  6  7  8  9 |
---------------+----------------------------+-----
Stealth        | 3 4 5 6 7 |  7.1
Unarmed Combat | 1 2 3 |  3.9
Fighting       | 1 2 3 4 |  4.1
Poison Magic   | 4 5 6 |  6.3
Transmutations | 2 3 4 |  4.4
Spellcasting   | 3 4 |  4.5
Dodging        | 3 4 |  4.7

Action                     |  1- 3 |  4- 6 |  7- 9 || total
---------------------------+-------+-------+-------++-------
  Melee: Unarmed           |    18 |       |       ||    18
         Constrict         |    14 |     6 |    15 ||    35
         Tentacles         |    12 |     4 |    13 ||    29
         Mace              |    36 |    18 |    85 ||   139
         Punch             |       |       |     2 ||     2
  Throw: Stone             |     3 |       |       ||     3
         Boomerang         |       |       |     2 ||     2
   Cast: Sting             |    19 |     5 |    19 ||    43
         Poisonous Vapours |    30 |    35 |    36 ||   101
         Olgreb's Toxic Ra |       |     3 |    15 ||    18
    Use: Scroll            |     7 |     3 |     4 ||    14
   Stab: Sleeping          |     2 |     1 |     1 ||     4
         Distracted        |       |     1 |     1 ||     2
 Armour: Skin              |     6 |     3 |     3 ||    12
  Dodge: Dodged            |    47 |    19 |    84 ||   150

Table legend: (Time is in decaauts)
 A = Elapsed time spent in this place.
 B = Non-inter-level travel time spent in this place.
 C = Inter-level travel time spent in this place.
 D = Time resting spent in this place.
 E = Time spent auto-exploring this place.
 F = Levels seen in this place.
 G = Mean time per level.
                   A        B        C        D        E       F      G
               +--------+--------+--------+--------+--------+-----+--------+
         Total |  10793 |  10184 |    609 |   4993 |   3432 |   8 | 1349.1 |
       Dungeon |  10640 |  10040 |    600 |   4993 |   3298 |   7 | 1520.0 |
        Temple |    152 |    143 |      9 |      0 |    134 |   1 |  152.0 |
               +--------+--------+--------+--------+--------+-----+--------+

Top non-repeatable levels by time:
     D:5: 2496 daAuts
     D:3: 2037 daAuts
     D:1: 1805 daAuts
     D:4: 1666 daAuts
     D:6: 1496 daAuts
     D:2: 1122 daAuts
  Temple: 152 daAuts
     D:7: 16 daAuts
